 Dungeon Crawl Stone Soup version 0.31.0-9-g3a7656b989 (webtiles) character file.

Game seed: 16998666283354946139

345742 Sobieck the Acrobat (level 22, 0/155 HPs)
             Began as a Tengu Hunter on Jan 24, 2024.
             Was a Favourite Plaything of Xom.
             Killed from afar by a deep troll earth mage (17 damage)
             ... with a blast of rock fragments
             ... on level 1 of the Depths.
             The game lasted 02:05:05 (45445 turns).

Sobieck the Acrobat (Tengu Hunter)                 Turns: 45445, Time: 02:05:06

Health: 0/155      AC: 11    Str: 18 (19) XL:     22   Next: 10%
Magic:  23/23      EV: 61    Int:  6      God:    Xom [*.....]
Gold:   4750       SH: 19    Dex: 36      Spells: 21/21 levels left

rFire   + + +        Y - +0 hand cannon
rCold   + . .        W - +2 kite shield
rNeg    . . .        M - +0 leather armour "Qugiukyb" {rF+++ rC+ rCorr Slay-4}
rPois   +            G - +2 hat {Will+}
rElec   .            X - +2 cloak {rPois}
rCorr   +            d - +1 pair of gloves of Moral Flaws {Will+ rCorr Str+2}
SInv    .            (boots unavailable)
Will    +++++        z - necklace of Bloodlust {Fury *Rage Will++ Int-3 Slay+6}
Stlth   +++++        g - +6 ring of dexterity
HPRegen 0.00/turn    l - +6 ring of dexterity
MPRegen 0.18/turn

%: acrobat, clarity
@: acrobatic, flying, inhibited regen
A: beak, talons 3, evasive flight, acrobatic, clarity, clumsy 1, deterioration
1, inhibited regeneration, strong 1
}: 2/15 runes: decaying, gossamer
a: Renounce Religion


You were on level 1 of the Depths.
You worshipped Xom.
You were a special plaything of Xom.
You visited 9 branches of the dungeon, and saw 39 of its levels.
You also visited: Ice Cave.

You collected 6702 gold pieces.
You spent 1952 gold pieces at shops.

Inventory:

Hand Weapons
 Y - a +0 hand cannon (weapon)
Missiles
 Z - 6 throwing nets
Armour
 d - the +1 pair of gloves of Moral Flaws (worn) {Will+ rCorr Str+2}
   (You bought it in a shop on level 15 of the Dungeon)

   Str+2:     It affects your strength (+2).
   Will+:     It increases your willpower.
   rCorr:     It protects you from acid and corrosion.
 G - a +2 hat of willpower (worn)
 M - the +0 leather armour "Qugiukyb" (worn) {rF+++ rC+ rCorr Slay-4}
   (You took it off an orc on level 11 of the Dungeon)

   Slay-4:    It affects your accuracy & damage with ranged weapons and melee
   (-4).
   rF+++:     It renders you almost immune to fire.
   rC+:       It protects you from cold.
   rCorr:     It protects you from acid and corrosion.
 W - a +2 kite shield (worn)
 X - a +2 cloak of poison resistance (worn)
Jewellery
 c - the ring of Due Proportion {Wiz rC+ Will++ Str+2}
   (You found it on level 2 of the Vaults)

   [ring of wizardry]

   Wiz:       It improves your spell success rate.
   Str+2:     It affects your strength (+2).
   rC+:       It protects you from cold.
   Will++:    It greatly increases your willpower.
 e - an amulet of reflection
 f - a ring of protection from fire
 g - a +6 ring of dexterity (left hand)
 h - a +5 ring of evasion
 l - a +6 ring of dexterity (right hand)
 o - a ring of poison resistance
 q - an amulet of magic regeneration
 s - a ring of see invisible
 y - a +4 ring of slaying
 z - the necklace of Bloodlust (around neck) {Fury *Rage Will++ Int-3 Slay+6}
   (You found it on level 1 of the Lair of Beasts)

   [amulet of nothing]

   Fury:      It extends the wearer's berserk rage when killing foes.
   Int-3:     It affects your intelligence (-3).
   Slay+6:    It affects your accuracy & damage with ranged weapons and melee
   (+6).
   Will++:    It greatly increases your willpower.
   *Rage:     It berserks you when you make melee attacks (+50% chance).
Wands
 n - a wand of quicksilver (24)
 v - a wand of mindburst (33)
 D - a wand of digging (12)
 I - a wand of roots (30)
 P - a wand of paralysis (30) {god gift}
 V - a wand of flame (100)
Scrolls
 b - 2 scrolls of blinking
 m - 7 scrolls of poison
 p - 5 scrolls of immolation
 t - 9 scrolls of noise
 x - 9 scrolls of vulnerability
 A - 3 scrolls of fog
 B - a scroll of revelation
 J - 2 scrolls of summoning
 R - 22 scrolls of identify
 S - 2 scrolls of silence {!r}
 T - 14 scrolls of teleportation
Potions
 i - 12 potions of brilliance
 j - 5 potions of magic
 k - 3 potions of cancellation
 r - 3 potions of invisibility {god gift}
 u - 3 potions of lignification
 w - 6 potions of might
 C - 3 potions of resistance
 E - a potion of berserk rage
 F - 4 potions of enlightenment
 H - a potion of haste
 K - 7 potions of ambrosia
 L - 3 potions of attraction
 Q - 15 potions of curing
Miscellaneous
 N - a sack of spiders
 O - a condenser vane
 U - a phial of floods (inert)


   Skills:
 - Level 21.0 Fighting
 - Level 20.0 Ranged Weapons
 - Level 8.0 Armour
 + Level 23.0 Dodging
 - Level 7.0 Stealth
 - Level 12.0 Shields
 - Level 12.0 Evocations


You had 21 spell levels left.
You didn't know any spells.
Your spell library contained the following spells:

 Spells                   Type           Power      Damage    Failure   Level
 Apportation              Tloc           0%         N/A       71%         1
 Foxfire                  Conj/Fire      0%         2x1d4     71%         1
 Shock                    Conj/Air       0%         1d3       71%         1
 Slow                     Hex            0%         N/A       71%         1
 Blink                    Tloc           0%         N/A       85%         2
 Cigotuvi's Dreadful Rot  Necr/Alch/Air  0%         N/A       85%         2
 Jinxbite                 Hex            0%         N/A       85%         2
 Lesser Beckoning         Tloc           0%         N/A       85%         2
 Momentum Strike          Conj/Tloc      0%         3d8       85%         2
 Scorch                   Fire           0%         2d5       85%         2
 Sublimation of Blood     Necr           0%         N/A       85%         2
 Confusing Touch          Hex            0%         N/A       97%         3
 Dazzling Flash           Conj/Hex       0%         N/A       97%         3
 Hailstorm                Conj/Ice       0%         3d5       97%         3
 Inner Flame              Hex/Fire       0%         N/A       97%         3
 Sigil of Binding         Hex            0%         N/A       97%         3
 Summon Ice Beast         Ice/Summ       0%         N/A       97%         3
 Swiftness                Air            0%         N/A       97%         3
 Tukima's Dance           Hex            0%         N/A       97%         3
 Vampiric Draining        Necr           0%         2d6       97%         3
 Volatile Blastmotes      Fire/Tloc      0%         2d10      97%         3
 Airstrike                Air            0%         2d(0-16)  100%        4
 Anguish                  Hex/Necr       0%         N/A       100%        4
 Animate Armour           Summ/Erth      0%         N/A       100%        4
 Cause Fear               Hex            0%         N/A       100%        4
 Dispel Undead            Necr           0%         3d6       100%        4
 Flame Wave               Conj/Fire      0%         2d4       100%        4
 Ignite Poison            Fire/Alch      0%         N/A       100%        4
 Manifold Assault         Tloc           0%         N/A       100%        4
 Martyr's Knell           Necr/Summ      0%         N/A       100%        4
 Passage of Golubria      Tloc           0%         N/A       100%        4
 Petrify                  Alch/Erth      0%         N/A       100%        4
 Sticky Flame             Fire/Alch      0%         2d4       100%        4
 Summon Lightning Spire   Summ/Air       0%         N/A       100%        4
 Alistair's Intoxication  Alch           0%         N/A       100%        5
 Freezing Cloud           Conj/Ice/Air   0%         6-21      100%        5
 Irradiate                Conj/Alch      0%         3d11      100%        5
 Lee's Rapid Deconstruct  Erth           0%         3d4*      100%        5
 Summon Forest            Summ/Tloc      0%         N/A       100%        5
 Summon Mana Viper        Hex/Summ       0%         N/A       100%        5
 Yara's Violent Unravell  Hex/Alch       0%         3d3       100%        5
 Death Channel            Necr           0%         N/A       100%        6
 Dispersal                Tloc           0%         N/A       100%        6
 Eringya's Noxious Bog    Alch           0%         4d6       100%        6
 Plasma Beam              Fire/Air       0%         2x1d10    100%        6
 Sculpt Simulacrum        Ice/Alch       0%         N/A       100%        6
 Starburst                Conj/Fire      0%         6d3       100%        6
 Summon Cactus Giant      Summ           0%         N/A       100%        6
 Enfeeble                 Hex            0%         N/A       100%        7
 Haunt                    Necr/Summ      0%         N/A       100%        7
 Monstrous Menagerie      Summ           0%         N/A       100%        7
 Summon Hydra             Summ           0%         N/A       100%        7
 Borgnjor's Revivificati  Necr           0%         N/A       100%        8
 Disjunction              Tloc           0%         N/A       100%        8
 Maxwell's Capacitive Co  Air            0%         ∞         100%        8
 Death's Door             Necr           0%         N/A       100%        9


Dungeon Overview and Level Annotations

Branches:
Dungeon (15/15)            Temple (0/1) D:6            Lair (5/5) D:11
  Swamp (4/4) Lair:2       Spider (4/4) Lair:2        Slime (0/5) Lair:4
    Orc (2/2) D:11            Elf (3/3) Orc:2        Vaults (4/5) D:13
  Crypt (0/3) Vaults:3     Depths (1/4) D:15           Hell (visited)
  IceCv (visited)
    Dis: Hell:1         Geh: Hell:1         Coc: Hell:1         Tar: Hell:1

Altars:
Ashenzari
Dithmenos
Fedhas
Gozag
Kikubaaqudgha
Qazlal
Sif Muna
Trog
Xom
Zin
The Shining One
Jiyva

Shops:
D:1 !   D:9 ?   D:15 :*([[   Orc:2 **=[   Elf:3 ?   Vaults:2 (![   Vaults:3 =

Portals:
Hell: Depths:1
Pandemonium: Orc:2

Annotations:
Spider:2 1 runed translucent door, Daunt's ghost, adept TrGl
Orc:1 2 transporters, sand's ghost, journeyman HOFi
Elf:2 3 runed translucent doors
Vaults:5 ! donot go
Depths:1 3 runed translucent doors, Peitt's ghost, veteran BaIE; Ubraesch's ghost, adept TrMo
Hell Geryon


Innate Abilities, Weirdness & Mutations

You have a beak for a mouth.
You have claws for feet.
Your magical flight helps you evade attacks. (EV +4)
You can magically evade attacks while moving or waiting.
You possess an exceptional clarity of mind.
You are clumsy. (Dex -2)
Your body sometimes deteriorates upon taking damage.
You do not regenerate when monsters are visible.
Your muscles are strong. (Str +4, Int/Dex -1)


Message History

Unknown command.
You hear a grinding noise.
You hear a grinding noise.
Danger!
The deep troll earth mage points next to you and mumbles some strange words.
The wall shatters!
The blast of rock fragments hits you!!
* * * LOW HITPOINT WARNING * * *
You hear a shout!
Unknown command.
Fire: Y) +0 hand cannon
Press: ? - help, Q - select action Shift-Dir - straight line, f - deep troll earth mage
Aim: a deep troll earth mage (81% to hit)
You shoot a bolt.
The bolt barely misses the deep troll earth mage.
You hear a grinding noise.
Fire: Y) +0 hand cannon
Press: ? - help, Q - select action Shift-Dir - straight line, f/p - deep troll earth mage
Aim: a deep troll earth mage (81% to hit)
You shoot a bolt.
The bolt hits the deep troll earth mage!
The deep troll earth mage is lightly wounded.
You block the quasit's attack. x3
A deep troll comes into view.
You hear a grinding noise.
Fire: Y) +0 hand cannon
Press: ? - help, Q - select action Shift-Dir - straight line, f/p - deep troll earth mage
Aim: a deep troll earth mage (lightly wounded, 81% to hit)
Okay, then.
The quasit attacks as it pursues you! You block the quasit's attack. x3
The white imp gestures at you. The puff of frost misses you.
The deep troll earth mage casts a spell at the rock wall.
You hear a grinding noise.
The crimson imp grins evilly.
The quasit completely misses you. x3
Unknown command.
As you read the scroll of fog, it dissolves into smoke.
The quasit completely misses you. x3
The quasit attacks as it pursues you! You block the quasit's attack.
The quasit completely misses you. You block the quasit's attack.
You hear a grinding noise.
You block the quasit's attack. The quasit completely misses you. x2
The quasit attacks as it pursues you! You block the quasit's attack. x3
The deep troll earth mage gestures next to you while chanting.
The wall shatters!
The blast of rock fragments hits you!!
* * * LOW HITPOINT WARNING * * *
The blast of rock fragments hits the quasit.
The deep troll earth mage points next to you and mumbles some strange words.
The wall shatters!
The blast of rock fragments hits you!
You die...

##.............#
###..##..####.# #..#####
.#### ##.########.....
#..........# # # #.######...#
# ##.# . #.# #.### .#§#.# ,#
##.# #.######§#§. #.#.
#..######..@5.§T§§# #####.#T
#..........#####§#§..#.T>...
##'#######..# #§T§§T...##.#.
#.......##..# ##§##.#..##.#.
#.~~~~~^'...# #......#.##.#T
#.~♣♣♣~.##..# #.....#55#....
#.~♣ ♣~.##..####..#.###5..5..
#.~♣♣♣~.##....##.....5.....##
#.~~~~~.#####.##..#####.###


You could see a deep troll earth mage and a quasit (summoned).

Vanquished Creatures
  Bai Suzhen (Swamp:3)
  the Lernaean hydra (Swamp:4)
  Margery (Vaults:3)
  Arachne (Spider:2)
  A hellephant (Vaults:3)
  Rupert (D:13)
  3 tentacled monstrosities
  Mlioglotl (Spider:2)
  Asterion (Vaults:2)
  2 deep elf blademasters (Elf:3)
  2 deep elf master archers (Elf:3)
  2 sphinxes
  The ghost of ProzacElf the Warrior, an adept AtFi of Wu Jian (Orc:2)
  Frances (D:13)
  A tengu reaver (Depths:1)
  Gastronok (Lair:2)
  Kirke (D:13)
  A storm dragon (Vaults:4)
  Aizul (Swamp:1)
  5 deep elf sorcerers
  4 ghost moths (Spider:4)
  8 emperor scorpions
  Louise (Swamp:1)
  10 vault wardens
  8 deep elf elementalists (Elf:3)
  A reaper (IceCv)
  A broodmother (shapeshifter) (Vaults:2)
  14 ironbound preservers
  4 formless jellyfish
  A broodmother (Spider:4)
  6 ironbound thunderhulks
  Nessos (D:15)
  2 eleionomae
  4 deep elf demonologists
  11 dire elephants
  4 bunyips
  5 deep elf death magi (Elf:3)
  6 deep elf annihilators (Elf:3)
  A minotaur (Spider:3)
  2 spark wasps
  5 entropy weavers
  An ettin (Depths:1)
  A crystal guardian (Vaults:2)
  3 deep elf high priests
  5 yaktaur captains
  Harold (D:10)
  A fire dragon (Lair:5)
  4 great orbs of eyes
  18 hydras
  A sphinx zombie (D:15)
  An ice dragon (Lair:5)
  3 demonspawn (Orc:2)
  A spriggan air mage (Swamp:4)
  An ogre mage (D:15)
  A peacekeeper (Vaults:2)
  A catoblepas (Lair:2)
  7 alligators
  An anaconda (Lair:2)
  4 radroaches
  3 ghost crabs
  7 ironbound frosthearts
  4 vault guards
  2 death knights (D:14)
  6 jorogumos
  9 centaur warriors
  4 boulder beetles
  13 dancing weapons
  10 two-headed ogres
  7 death yaks
  3 tengu warriors
  8 demonic crawlers
  A vampire mage (D:15)
  6 orc high priests
  2 hell knights (Vaults:3)
  A storm dragon zombie (D:15)
  5 deep elf knights
  A soul eater (Vaults:3)
  9 spriggans
  2 fire crabs (Lair:2)
  7 pharaoh ants
  6 goliath frogs
  A spriggan druid (Swamp:1)
  A flayed ghost (Depths:1)
  4 skeletal warriors
  10 lindwurms
  9 orb spiders
  15 swamp dragons
  5 arcanists
  The ghost of Vadun the Trooper, a novice HOFi of Beogh (D:6)
  43 deep trolls
  4 bog bodies
  12 deep elf archers
  Pikel (D:7)
  A harpy (Vaults:2)
  2 necromancers
  24 deep elf zephyrmancers
  11 ironbound convokers
  7 steelbarb worms
  22 deep elf pyromancers
  6 orc knights
  31 wolf spiders
  An oklob plant (D:11)
  8 orc sorcerers
  Maurice (Orc:1)
  30 ugly things
  5 cyclopes
  3 will-o-the-wisps
  3 manticores
  6 meliai
  20 elephants
  2 moths of wrath
  A rust devil (Orc:2)
  8 black mambas
  7 torpor snails
  2 gargoyles (D:12)
  12 vault sentinels
  A black mamba (shapeshifter) (D:15)
  An orange demon (Orc:2)
  2 ice statues (IceCv)
  10 cane toads
  An unseen horror (Lair:5)
  13 komodo dragons
  An unseen horror (shapeshifter) (Elf:1)
  17 yaktaurs
  6 ice devils (IceCv)
  An efreet (D:15)
  Psyche (D:11)
  A tengu conjurer (D:13)
  3 anaconda simulacra (IceCv)
  A polar bear (shapeshifter) (Elf:1)
  A freezing wraith (Vaults:3)
  7 trolls
  A bloated husk (Swamp:1)
  3 polar bears
  16 tarantellas
  17 hornets
  Prince Ribbit (Lair:3)
  14 dream sheep
  11 blink frogs
  25 slime creatures
  15 tyrant leeches
  3 shadows
  17 culicivoras
  22 jumping spiders
  A spriggan (shapeshifter) (D:13)
  3 air elementals
  A centaur simulacrum (D:15)
  37 yaks
  10 water elementals
  4 wraiths
  7 wyverns
  A ynoxinul (Orc:2)
  2 fire elementals (Elf:3)
  5 basilisks
  2 hogs (D:13)
  A human (Spider:3)
  A death yak simulacrum (IceCv)
  A neqoxec (Orc:2)
  23 vampire mosquitoes
  2 wargs
  5 steam dragons
  A golden eye (shapeshifter) (Elf:3)
  44 redbacks
  14 swamp worms
  Menkaure (D:7)
  17 water moccasins
  4 acid dragons
  9 swamp drakes
  23 orc warriors
  2 sky beasts
  A sky beast (shapeshifter) (D:14)
  2 laughing skulls (D:15)
  4 black bears
  3 ice beasts
  6 ogres
  A boggart (Vaults:1)
  10 centaurs
  26 wolves
  A phantom (D:3)
  4 lemures (D:7)
  A brain worm (Lair:3)
  3 kobold brigands
  12 bullfrogs
  2 gnoll sergeants
  2 two-headed ogre simulacra (IceCv)
  2 scorpions (Lair:2)
  4 wights
  A cane toad simulacrum (IceCv)
  2 elephant simulacra (IceCv)
  5 killer bees
  6 electric eels
  5 howler monkeys
  2 bombardier beetles (D:5)
  A hound (D:6)
  3 quasits (D:6)
  5 jellies
  A gnoll bouda (D:7)
  26 orc priests
  2 sleepcaps (D:5)
  Jessica (D:3)
  Ijyb (D:3)
  18 orc wizards
  6 iguanas
  3 polar bear simulacra (IceCv)
  2 troll simulacra (IceCv)
  4 spriggan simulacra (IceCv)
  15 gnolls
  6 adders
  2 naga simulacra (IceCv)
  2 shadow imps (D:8)
  16 white imps
  An ufetubus (IceCv)
  3 dart slugs
  2 ribbon worms
  43 orcs
  8 endoplasms
  4 giant cockroaches
  6 hobgoblins
  2 jackals (D:2)
  24 kobolds
  4 quokkas
  4 ball pythons
  8 bats
  6 frilled lizards
  10 goblins
  4 rats
1399 creatures vanquished.

Vanquished Creatures (collateral kills)
  An ironbound preserver (Vaults:3)
  Sonja (Lair:2)
  A lindwurm (Lair:5)
  A yaktaur (Vaults:2)
  A hornet (Lair:5)
5 creatures vanquished.

Vanquished Creatures (others)
  An eldritch tentacle (Swamp:1)
  A deep elf knight (Elf:1)
  A hell knight (Vaults:3)
  A deep elf pyromancer (Elf:3)
  A human (D:13)
  2 redbacks
  A howler monkey (D:5)
8 creatures vanquished.

Grand Total: 1412 creatures vanquished

Notes
Turn   | Place    | Note
-------+----------+-------------------------------------------
     0 | D:1      | Sobieck the Tengu Hunter began the quest for the Orb.
     0 | D:1      | Reached XP level 1. HP: 12/12 MP: 2/2
    43 | D:1      | Found Yhicwut's Distillery.
   239 | D:1      | Reached XP level 2. HP: 15/17 MP: 3/3
   664 | D:1      | Reached XP level 3. HP: 22/22 MP: 4/4
   730 | D:1      | Found a faded altar of an unknown god.
   855 | D:1      | Prayed at the altar of an unknown god.
   855 | D:1      | Became a worshipper of Xom the Capricious
   981 | D:2      | XOM: noise
  1165 | D:2      | You fall into a shaft and drop 1 floor!
  1173 | D:3      | Noticed a phantom
  1185 | D:3      | Killed a phantom
  1186 | D:3      | Reached skill level 3 in Fighting
  1186 | D:3      | Reached skill level 6 in Ranged Weapons
  1186 | D:3      | Reached XP level 4. HP: 22/28 MP: 5/5
  1186 | D:3      | Reached XP level 5. HP: 25/32 MP: 6/6
  1333 | D:2      | Found a shadowy altar of Dithmenos.
  1474 | D:1      | Bought a potion of degeneration for 10 gold pieces
  1474 | D:1      | Bought a potion of curing for 30 gold pieces
  1974 | D:3      | Noticed Jessica
  1986 | D:3      | Killed Jessica
  2241 | D:3      | Noticed Ijyb
  2249 | D:3      | Killed Ijyb
  2250 | D:3      | Reached XP level 6. HP: 38/38 MP: 7/7
  2286 | D:3      | XOM is BORED!
  2762 | D:3      | XOM: summons 2 hostile shadow creatures
  3126 | D:3      | XOM: cloud trail
  3203 | D:3      | XOM: noise
  3319 | D:4      | XOM: polymorph adder -> giant cockroach
  3465 | D:4      | XOM: summons 4 hostile demons
  3764 | D:5      | Entered Level 5 of the Dungeon
  3818 | D:5      | Gained mutation: Your magical flight helps you evade
                  | attacks. (EV +4) [Tengu growth]
  3818 | D:5      | Reached XP level 7. HP: 44/44 MP: 8/8
  4022 | D:5      | XOM: 4-stop teleportation journey
  4087 | D:5      | XOM: enchant monster (bad)
  4091 | D:5      | XOM: destruction
  4094 | D:5      | XOM: noise
  4095 | D:5      | XOM: butterfly on damage
  4284 | D:5      | XOM: 5-stop teleportation journey
  4592 | D:5      | XOM: give mutation
  4592 | D:5      | Gained mutation: You are robust. (+10% HP) [Xom's mischief]
  4749 | D:6      | XOM: enchant monster (good)
  4756 | D:6      | XOM: confuse monster(s)
  4762 | D:6      | Reached skill level 9 in Ranged Weapons
  4762 | D:6      | Reached XP level 8. HP: 53/53 MP: 9/9
  4826 | D:6      | Found a transporter.
  4828 | D:6      | Noticed Vadun's ghost (novice HOFi)
  4863 | D:6      | Found a transporter.
  4885 | D:6      | Found a staircase to the Ecumenical Temple.
  4983 | D:6      | Noticed a wyvern
  4989 | D:6      | Killed a wyvern
  4990 | D:6      | Reached skill level 6 in Fighting
  5080 | D:6      | Identified the +4 flail of Buse Fagylu {heavy, *Rage rC+++
                  | rN+ Int+3}
  5233 | D:6      | XOM: scenery: create altars
  5814 | D:6      | XOM: scenery: 1 fountains blood, 1 doors close
  5898 | D:7      | Noticed Pikel
  5899 | D:7      | XOM: confuse monster(s)
  5901 | D:7      | Reached XP level 9. HP: 57/61 MP: 10/10
  5909 | D:7      | Killed Pikel
  5924 | D:7      | Noticed Menkaure
  5930 | D:7      | Killed Menkaure
  5949 | D:7      | Reached skill level 12 in Ranged Weapons
  6025 | D:7      | XOM: smoke on damage
  6027 | D:7      | XOM: god gift: 7 stones {god gift}
  6333 | D:7      | XOM is BORED!
  6363 | D:7      | XOM: god gift: wand of paralysis (4) {god gift}
  6473 | D:7      | XOM: scenery: create altars
  6506 | D:8      | Found a shimmering blue altar of Sif Muna.
  6576 | D:8      | Noticed a hornet
  6578 | D:8      | XOM: potion effect (haste)
  6588 | D:8      | Paralysed by a hornet for 2 turns
  6871 | D:8      | XOM: fog
  6881 | D:8      | Paralysed by a hornet for 2 turns
  6889 | D:8      | XOM: divination: detect items
  6891 | D:8      | XOM: cleaving
  6894 | D:8      | Killed a hornet
  7162 | D:8      | Reached XP level 10. HP: 40/70 MP: 11/11
  7310 | D:8      | XOM: god gift: 2 javelins {god gift}
  7433 | D:8      | XOM: scenery: 1 doors close
  7438 | D:8      | XOM: god gift: 6 stones {god gift}
  7634 | D:9      | XOM: scenery: 1 doors open
  7825 | D:9      | Found Tuxkess's Magic Scroll Shop.
  7829 | D:9      | Bought a scroll of noise for 14 gold pieces
  7829 | D:9      | Bought a scroll of identify for 28 gold pieces
  7829 | D:9      | Bought a scroll of identify for 28 gold pieces
  7829 | D:9      | Bought a scroll of teleportation for 42 gold pieces
  7829 | D:9      | Identified a scroll of acquirement
  7830 | D:9      | Acquired a +1 heavy longbow
  8079 | D:9      | XOM: scenery: 1 doors open, 2 doors close
  8205 | D:9      | Found a glowing golden altar of the Shining One.
  8205 | D:9      | Found a bloodstained altar of Trog.
  8205 | D:9      | Found a glowing silver altar of Zin.
  8205 | D:9      | Found a broken altar of Ashenzari.
  8209 | D:9      | Reached skill level 1 in Armour
  8209 | D:9      | Found a shadowy altar of Dithmenos.
  8209 | D:9      | Found an opulent altar of Gozag.
  8218 | D:9      | XOM: god gift: staff of alchemy {god gift}
  8231 | D:10     | Entered Level 10 of the Dungeon
  8268 | D:10     | Reached skill level 3 in Dodging
  8637 | D:10     | Noticed Harold
  8642 | D:10     | XOM: 1-stop teleportation journey
  8718 | D:10     | Reached skill level 9 in Fighting
  8727 | D:10     | Reached skill level 3 in Stealth
  8937 | D:10     | XOM: cloud trail
  8991 | D:10     | Found a blossoming altar of Fedhas.
  8994 | D:10     | Found a stormy altar of Qazlal.
  9004 | D:10     | XOM: fog
  9011 | D:10     | XOM: noise
  9014 | D:10     | Killed Harold
  9015 | D:10     | Reached skill level 3 in Armour
  9015 | D:10     | Reached skill level 4 in Dodging
  9015 | D:10     | Reached XP level 11. HP: 78/78 MP: 12/12
  9329 | D:11     | Noticed a two-headed ogre
  9330 | D:11     | Noticed Psyche
  9333 | D:11     | Killed a two-headed ogre
  9334 | D:11     | Killed Psyche
  9437 | D:11     | Noticed a centaur warrior
  9504 | D:10     | XOM is BORED!
  9504 | D:10     | XOM: give mutations
  9504 | D:10     | Gained mutation: You are clumsy. (Dex -2) [Xom's mischief]
  9504 | D:10     | Gained mutation: You passively map a small area around you.
                  | [Xom's mischief]
  9504 | D:10     | Gained mutation: Your muscles are strong. (Str +4, Int/Dex
                  | -1) [Xom's mischief]
  9504 | D:10     | Gained mutation: Your spells are a little easier to cast,
                  | but a little less powerful. [Xom's mischief]
  9520 | D:11     | Identified the +0 leather armour "Qugiukyb" {rF+++ rC+
                  | rCorr Slay-4}
  9528 | D:10     | XOM: 3-stop teleportation journey
  9643 | D:10     | XOM: torment (36/78 hp)
  9923 | D:11     | XOM: god gift: book of Spatial Translocations {god gift}
 10097 | D:11     | Found a staircase to the Lair.
 10097 | D:11     | Noticed an oklob plant
 10102 | D:11     | Noticed a cyclops
 10103 | D:11     | XOM: cleaving
 10103 | D:11     | HP: 1/78 [cyclops/large rock (42)]
 10346 | D:11     | Killed a cyclops
 10347 | D:11     | Reached skill level 5 in Dodging
 10365 | D:11     | Killed an oklob plant
 10373 | D:11     | Noticed a two-headed ogre
 10375 | D:11     | Killed a two-headed ogre
 10376 | D:11     | Reached skill level 15 in Ranged Weapons
 10449 | D:11     | Killed a centaur warrior
 10488 | D:11     | Found a shadowy altar of Dithmenos.
 10523 | D:11     | XOM: give mutations
 10523 | D:11     | Gained mutation: You possess an exceptional clarity of
                  | mind. [Xom's grace]
 10523 | D:11     | Gained mutation: You expend magic power (3 MP) to
                  | strengthen your wands. [Xom's grace]
 10523 | D:11     | Gained mutation: You have a somewhat thin skeletal
                  | structure. (Dex +2, Stealth+) [Xom's grace]
 10546 | D:11     | XOM: give mutations
 10546 | D:11     | Gained mutation: You are somewhat resistant to further
                  | mutation. [Xom's grace]
 10546 | D:11     | Gained mutation: You are partially covered in iridescent
                  | scales. (AC +2) [Xom's grace]
 10546 | D:11     | Lost mutation: You are clumsy. (Dex -2) [Xom's grace]
 10645 | D:11     | Found a staircase to the Orcish Mines.
 10865 | Lair:1   | Entered Level 1 of the Lair of Beasts
 11024 | Lair:1   | Found the necklace of Bloodlust {Fury *Rage Will++ Int-3
                  | Slay+6}
 11351 | Lair:1   | XOM: scenery: summon butterflies
 11369 | Lair:1   | Reached XP level 12. HP: 84/84 MP: 13/13
 11371 | Lair:1   | XOM: noise
 11469 | Lair:1   | Reached skill level 6 in Dodging
 11787 | Lair:1   | Reached skill level 6 in Armour
 11945 | Lair:2   | Reached skill level 6 in Stealth
 11981 | Lair:2   | XOM: silly message
 12038 | Lair:2   | Noticed Sonja
 12052 | Lair:2   | Killed Sonja
 12212 | Lair:2   | Noticed Gastronok
 12331 | Lair:2   | XOM: enchant monster (good)
 12338 | Lair:2   | Killed Gastronok
 12395 | Lair:2   | Identified the +6 scale mail of the Endless Expanse {Str+3}
 12449 | Lair:2   | Found a staircase to the Swamp.
 12494 | Lair:2   | Noticed a six-headed hydra
 12496 | Lair:2   | XOM: summons 2 friendly demons
 12504 | Lair:2   | Killed a six-headed hydra
 12505 | Lair:2   | Reached skill level 7 in Dodging
 12627 | Lair:2   | Found a hole to the Spider Nest.
 12855 | Lair:2   | Noticed an alligator
 12855 | Lair:2   | XOM: smoke on damage
 12855 | Lair:2   | Noticed a four-headed hydra
 13049 | Lair:2   | Killed a four-headed hydra
 13085 | Lair:2   | Killed an alligator
 13086 | Lair:2   | Reached XP level 13. HP: 92/92 MP: 14/14
 13103 | Lair:2   | XOM: potion effect (heal wounds)
 13107 | Lair:2   | XOM: butterfly on damage
 13358 | Lair:2   | Reached skill level 8 in Dodging
 13570 | Lair:2   | XOM: silly message
 13597 | Lair:3   | XOM: butterfly on damage
 13656 | Lair:2   | XOM: silly message
 13780 | Lair:3   | XOM: potion effect (attraction)
 13786 | Lair:3   | XOM: silly message
 13809 | Lair:3   | XOM: potion effect (haste)
 13935 | Lair:3   | Noticed Prince Ribbit
 13939 | Lair:3   | Killed Prince Ribbit
 14022 | Lair:3   | You are sucked into a shaft and drop 2 floors!
 14022 | Lair:5   | Entered Level 5 of the Lair of Beasts
 14035 | Lair:5   | Reached skill level 18 in Ranged Weapons
 14098 | Lair:5   | XOM: divination: magic mapping
 14156 | Lair:5   | Reached skill level 12 in Fighting
 14262 | Lair:5   | XOM: confuse monster(s)
 14265 | Lair:5   | Reached XP level 14. HP: 101/101 MP: 15/15
 14286 | Lair:4   | Found a staircase to the Slime Pits.
 14286 | Lair:4   | Found a viscous altar of Jiyva.
 14398 | Lair:4   | XOM: noise
 14810 | Lair:3   | XOM: noise
 14862 | Lair:3   | XOM: silly message
 14933 | Lair:3   | XOM: summons 1 hostile demon
 14984 | Lair:3   | XOM: give mutations
 14984 | Lair:3   | Lost mutation: You are somewhat resistant to further
                  | mutation. [Xom's mischief]
 14984 | Lair:3   | Lost mutation: Your muscles are strong. (Str +4, Int/Dex
                  | -1) [Xom's mischief]
 14984 | Lair:3   | Gained mutation: You are somewhat resistant to further
                  | mutation. [Xom's mischief]
 15133 | Lair:3   | XOM: give mutations
 15133 | Lair:3   | Lost mutation: You expend magic power (3 MP) to strengthen
                  | your wands. [Xom's mischief]
 15133 | Lair:3   | Gained mutation: You are clumsy. (Dex -2) [Xom's mischief]
 15135 | Lair:4   | XOM: fake destruction
 15137 | Lair:4   | XOM: polymorph elephant -> brain worm
 15174 | Lair:3   | XOM: scenery: summon butterflies
 15726 | Lair:4   | XOM: summons friendly shadow imp
 16169 | Lair:5   | XOM: scenery: create altars
 16257 | Lair:5   | XOM: enchant monster (bad)
 16538 | Lair:5   | XOM: scenery: summon butterflies
 16691 | Lair:5   | XOM: god gift: +0 pair of gloves of infusion {god gift}
 16823 | Lair:5   | XOM: cloud trail
 16872 | Lair:5   | XOM: scenery: summon butterflies
 17269 | Lair:5   | XOM: polymorph torpor snail -> something unseen
 17292 | Lair:5   | XOM: summons 7 friendly demons
 17303 | Lair:5   | XOM: confuse monster(s)
 17415 | Lair:5   | XOM: silly message
 17753 | Lair:5   | XOM: god gift: runed broad axe {god gift}
 17788 | Lair:5   | Reached XP level 15. HP: 100/111 MP: 16/16
 18269 | Lair:1   | XOM: silly message
 18305 | Orc:1    | Entered Level 1 of the Orcish Mines
 18415 | Orc:1    | Noticed sand's ghost (journeyman HOFi)
 18420 | Orc:1    | Found a transporter.
 18477 | Orc:1    | Found a transporter.
 18528 | Orc:2    | Entered Level 2 of the Orcish Mines
 18682 | Orc:2    | Found a staircase to the Elven Halls.
 18719 | Orc:2    | Reached skill level 15 in Fighting
 18805 | Orc:2    | XOM: give mutations
 18805 | Orc:2    | Gained mutation: You are covered in fur. (AC +1) [Xom's
                  | mischief]
 18805 | Orc:2    | Gained mutation: You have supernaturally acute eyesight.
                  | (SInv) [Xom's mischief]
 18805 | Orc:2    | Lost mutation: You are covered in fur. (AC +1) [Xom's
                  | mischief]
 18805 | Orc:2    | Lost mutation: You have a somewhat thin skeletal structure.
                  | (Dex +2, Stealth+) [Xom's mischief]
 18955 | Orc:2    | Reached skill level 1 in Evocations
 18960 | Orc:2    | XOM: divination: detect creatures
 19008 | Orc:2    | Found Fomoozar's General Store.
 19010 | Orc:2    | Found Zaniec's General Store.
 19061 | Orc:2    | XOM: destruction
 19130 | Orc:2    | Bought a scroll of enchant weapon for 82 gold pieces
 19218 | Orc:2    | XOM: god gift: scroll of blinking {god gift}
 19233 | Orc:2    | Reached skill level 3 in Evocations
 19256 | Orc:2    | Reached skill level 9 in Dodging
 19259 | Orc:2    | XOM: enchant monster (good)
 19263 | Orc:2    | Found Burasu's Jewellery Boutique.
 19263 | Orc:2    | Found Areoph's Antique Armour Shop.
 19265 | Orc:2    | Found a one-way gate leading to the halls of Pandemonium.
 19267 | Orc:2    | XOM: polymorph neqoxec -> quasit
 19269 | Orc:2    | XOM: summons 7 friendly demons
 19337 | Orc:2    | Found a runed translucent door.
 19337 | Orc:2    | Noticed ProzacElf's ghost (adept AtFi)
 19348 | Orc:2    | XOM: give mutations
 19348 | Orc:2    | Gained mutation: You are mostly covered in iridescent
                  | scales. (AC +4) [Xom's grace]
 19348 | Orc:2    | Lost mutation: Your spells are a little easier to cast, but
                  | a little less powerful. [Xom's grace]
 19451 | Orc:2    | XOM: give mutations
 19451 | Orc:2    | Lost mutation: You are somewhat resistant to further
                  | mutation. [Xom's mischief]
 19451 | Orc:2    | Lost mutation: You possess an exceptional clarity of mind.
                  | [Xom's mischief]
 19451 | Orc:2    | Lost mutation: You have supernaturally acute eyesight.
                  | (SInv) [Xom's mischief]
 19451 | Orc:2    | Gained mutation: Armour fits poorly on your strangely
                  | shaped body. [Xom's mischief]
 19615 | Orc:1    | XOM: summons 4 hostile shadow creatures
 19695 | Orc:1    | Noticed Maurice
 19700 | Orc:1    | Killed Maurice
 20054 | D:12     | Found a frozen archway.
 20062 | IceCv    | Entered an ice cave
 20149 | IceCv    | XOM: scenery: summon butterflies
 20234 | IceCv    | XOM: 3-stop teleportation journey
 20306 | IceCv    | XOM: summons friendly shadow imp
 20489 | D:12     | XOM: give mutations
 20489 | D:12     | Lost mutation: You are clumsy. (Dex -2) [Xom's mischief]
 20489 | D:12     | Gained mutation: You occasionally lose the ability to read
                  | scrolls when taking damage. [Xom's mischief]
 20489 | D:12     | Lost mutation: Armour fits poorly on your strangely shaped
                  | body. [Xom's mischief]
 20489 | D:12     | Lost mutation: You occasionally lose the ability to read
                  | scrolls when taking damage. [Xom's mischief]
 21145 | D:13     | Reached skill level 10 in Dodging
 21158 | D:13     | XOM: summons 1 hostile demon
 21356 | D:13     | XOM: confuse monster(s)
 21357 | D:13     | XOM: polymorph manticore -> killer bee
 21371 | D:13     | Found a gate to the Vaults.
 21488 | D:13     | Reached XP level 16. HP: 121/121 MP: 17/17
 21497 | D:13     | Reached skill level 6 in Evocations
 21503 | D:13     | Noticed Frances
 21664 | D:13     | Noticed Kirke
 21681 | D:13     | Killed Kirke
 21721 | D:13     | Killed Frances
 21730 | D:13     | XOM: god gift: 41 gold pieces {god gift}
 22106 | D:13     | XOM: god gift: runed kite shield {god gift}
 22171 | D:13     | Noticed Rupert
 22176 | D:13     | Killed Rupert
 22330 | D:14     | Reached skill level 11 in Dodging
 22350 | D:14     | XOM: enchant monster (bad)
 22591 | D:14     | XOM: scenery: summon butterflies
 22642 | D:14     | XOM: destruction
 22816 | D:14     | XOM: god gift: 2 viscous coppery potions {god gift}
 22882 | D:14     | XOM: cloud trail
 22929 | D:15     | Entered Level 15 of the Dungeon
 22978 | D:15     | Found Ciplass's Weapon Emporium.
 23181 | D:15     | XOM: 2-stop teleportation journey
 23238 | D:15     | Found a bloodstained altar of Trog.
 23243 | D:15     | Found Ibbiustu's Armour Shop.
 23245 | D:15     | Identified the +2 pair of boots "Utaer" {Harm ^Drain rPois}
 23316 | D:15     | Found Maastecw's Armour Shoppe.
 23326 | D:15     | Bought the +1 pair of gloves of Moral Flaws {Will+ rCorr
                  | Str+2} for 414 gold pieces
 23401 | D:15     | XOM is BORED!
 23401 | D:15     | XOM: draining
 23437 | D:15     | XOM: destruction
 23441 | D:15     | Noticed Nessos
 23449 | D:15     | XOM: fake destruction
 23454 | D:15     | Killed Nessos
 23458 | D:15     | Reached skill level 12 in Dodging
 23550 | D:15     | Found a staircase to the Depths.
 23601 | D:15     | XOM: 4-stop teleportation journey
 23676 | D:15     | XOM: god gift: leather armour {god gift}
 23782 | D:15     | XOM: silly message
 23809 | D:15     | Found Fusis's Book Shop.
 23853 | D:15     | Found Haakuik's General Store.
 24078 | D:12     | XOM: god gift: 2 potions of brilliance {god gift}
 24188 | Spider:1 | Entered Level 1 of the Spider Nest
 24343 | Spider:1 | XOM: potion effect (invisibility)
 24917 | Spider:1 | XOM: divination: detect creatures
 25248 | Spider:2 | Reached skill level 18 in Fighting
 25290 | Spider:2 | Reached XP level 17. HP: 130/130 MP: 18/18
 25371 | Spider:2 | XOM: scenery: create altars
 25406 | Spider:2 | Noticed Mlioglotl
 25407 | Spider:2 | XOM is BORED!
 25407 | Spider:2 | XOM: blink monster(s)
 25412 | Spider:2 | Killed Mlioglotl
 25462 | Spider:2 | Noticed Arachne
 25475 | Spider:2 | XOM: summons 4 friendly demons
 25607 | Spider:2 | XOM: give mutations
 25607 | Spider:2 | Gained mutation: You are strong-willed. (Will+) [Xom's
                  | grace]
 25995 | Spider:2 | XOM: 5-stop teleportation journey
 26246 | Spider:2 | XOM: enchant monster (good)
 26257 | Spider:2 | Killed Arachne
 26624 | Spider:2 | XOM: god gift: wand of flame (3) {god gift}
 26629 | Spider:2 | Found a runed translucent door.
 26632 | Spider:2 | Found a shimmering altar of Xom.
 26632 | Spider:2 | Noticed Daunt's ghost (adept TrGl)
 27007 | D:6      | XOM: cleaving
 27009 | D:6      | Killed Vadun's ghost
 27039 | D:6      | XOM: scenery: create altars
 27047 | D:6      | XOM: give mutations
 27047 | D:6      | Gained mutation: You are covered in fur. (AC +1) [Xom's
                  | grace]
 27047 | D:6      | Gained mutation: You passively dampen the noise of your
                  | surroundings. [Xom's grace]
 27047 | D:6      | Gained mutation: You are completely covered in iridescent
                  | scales. (AC +6) [Xom's grace]
 27047 | D:6      | Gained mutation: Your flesh is heat resistant. (rF+) [Xom's
                  | grace]
 27108 | D:10     | XOM: give mutation
 27108 | D:10     | Gained mutation: You expend magic power (3 MP) to
                  | strengthen your wands. [Xom's grace]
 27247 | Lair:2   | XOM is BORED!
 27247 | Lair:2   | XOM: give mutations
 27247 | Lair:2   | Lost mutation: You passively map a small area around you.
                  | [Xom's mischief]
 27247 | Lair:2   | Lost mutation: You passively dampen the noise of your
                  | surroundings. [Xom's mischief]
 27247 | Lair:2   | Lost mutation: You are completely covered in iridescent
                  | scales. (AC +6) [Xom's mischief]
 27306 | Spider:2 | XOM: scenery: create altars
 27330 | Spider:3 | XOM: polymorph jumping spider -> human
 27375 | Spider:3 | Reached skill level 13 in Dodging
 27538 | Spider:3 | XOM: god gift: potion of degeneration {god gift}
 27704 | Spider:3 | XOM: 1-stop teleportation journey
 27726 | Spider:3 | XOM: torment (56/134 hp)
 27805 | Spider:4 | XOM: noise
 27805 | Spider:4 | Entered Level 4 of the Spider Nest
 27840 | Spider:3 | XOM: 1-stop teleportation journey
 27909 | Spider:3 | Reached skill level 14 in Dodging
 27946 | Spider:3 | Identified the +4 trident "Targh" {flame, rElec}
 28209 | Spider:3 | XOM: blink monster(s)
 28321 | Spider:4 | XOM: enchant monster (bad)
 28352 | Spider:4 | XOM: confusion
 28445 | Spider:4 | Reached skill level 15 in Dodging
 28469 | Spider:4 | XOM: confusion (+ monsters)
 28560 | Spider:4 | Reached XP level 18. HP: 116/140 MP: 19/19
 28583 | Spider:4 | Reached skill level 16 in Dodging
 28782 | Spider:3 | XOM: polymorph broodmother -> minotaur
 28934 | Spider:4 | XOM: give mutations
 28934 | Spider:4 | Gained mutation: You are highly strong-willed. (Will++)
                  | [Xom's mischief]
 28934 | Spider:4 | Lost mutation: You expend magic power (3 MP) to strengthen
                  | your wands. [Xom's mischief]
 28934 | Spider:4 | Gained mutation: Your system is resistant to poisons.
                  | (rPois) [Xom's mischief]
 29035 | Spider:4 | XOM: stat loss: -1 Dex (35/36)
 29063 | Spider:4 | XOM: 4-stop teleportation journey
 29158 | Spider:4 | XOM: 2-stop teleportation journey
 29268 | Spider:4 | Reached skill level 17 in Dodging
 29303 | Spider:4 | XOM: repel stairs
 29519 | Spider:4 | XOM: chaos cloud
 29523 | Spider:4 | XOM: swap monsters
 29619 | Spider:4 | XOM: give mutations
 29619 | Spider:4 | Lost mutation: You are robust. (+10% HP) [Xom's mischief]
 29619 | Spider:4 | Lost mutation: Your system is resistant to poisons. (rPois)
                  | [Xom's mischief]
 29619 | Spider:4 | Gained mutation: Your magical capacity is low. (-10% MP)
                  | [Xom's mischief]
 29639 | Spider:4 | Got a gossamer rune of Zot
 29993 | Swamp:1  | Entered Level 1 of the Swamp
 29995 | Swamp:1  | Identified the serpent talisman of Ishron {Will++}
 29995 | Swamp:1  | Noticed Aizul
 30000 | Swamp:1  | Reached skill level 9 in Evocations
 30101 | Swamp:1  | Killed Aizul
 30107 | Swamp:1  | XOM: 1-stop teleportation journey
 30130 | Swamp:1  | XOM: cast spell 'Malign Gateway'
 30170 | Swamp:1  | Acquired 855 gold pieces
 30186 | Swamp:1  | Identified the serpent talisman "Pisaps" {Will+ Dex+4
                  | Slay+2 Stlth-}
 30297 | Swamp:1  | Noticed Louise
 30299 | Swamp:1  | Killed Louise
 30745 | Swamp:2  | Reached skill level 18 in Dodging
 31041 | Swamp:2  | XOM: give mutations
 31041 | Swamp:2  | Lost mutation: You are mostly covered in iridescent scales.
                  | (AC +4) [Xom's mischief]
 31041 | Swamp:2  | Lost mutation: Your flesh is heat resistant. (rF+) [Xom's
                  | mischief]
 31041 | Swamp:2  | Gained mutation: You are mostly covered in iridescent
                  | scales. (AC +4) [Xom's mischief]
 31041 | Swamp:2  | Lost mutation: You are mostly covered in iridescent scales.
                  | (AC +4) [Xom's mischief]
 31656 | Orc:2    | Killed ProzacElf's ghost
 31658 | Orc:2    | XOM: give mutations
 31658 | Orc:2    | Gained mutation: You are mostly covered in iridescent
                  | scales. (AC +4) [Xom's grace]
 31658 | Orc:2    | Gained mutation: Your muscles are strong. (Str +4, Int/Dex
                  | -1) [Xom's grace]
 31658 | Orc:2    | Gained mutation: You are completely covered in iridescent
                  | scales. (AC +6) [Xom's grace]
 31829 | Swamp:2  | XOM: god gift: 2 scrolls of teleportation {god gift}
 32132 | Swamp:3  | Reached XP level 19. HP: 132/132 MP: 18/18
 32267 | Swamp:3  | XOM is BORED!
 32361 | Swamp:4  | Entered Level 4 of the Swamp
 32526 | Swamp:4  | XOM: enchant monster (good)
 32548 | Swamp:4  | Acquired 829 gold pieces
 32694 | Swamp:4  | XOM: cloud trail
 32699 | Swamp:4  | Noticed Bai Suzhen
 32705 | Swamp:4  | Noticed a tentacled monstrosity
 32712 | Swamp:3  | Killed Bai Suzhen
 32717 | Swamp:3  | Killed a tentacled monstrosity
 32838 | Swamp:4  | XOM: divination: detect creatures
 33062 | Swamp:4  | Reached skill level 19 in Dodging
 33082 | Swamp:4  | Noticed the 27-headed Lernaean hydra
 33089 | Swamp:4  | Killed the 27-headed Lernaean hydra
 33131 | Swamp:4  | Reached skill level 12 in Evocations
 33137 | Swamp:4  | XOM: divination: detect items
 33169 | Swamp:4  | Got a decaying rune of Zot
 33244 | Swamp:4  | XOM: scenery: summon butterflies
 33300 | Swamp:4  | XOM: give mutations
 33300 | Swamp:4  | Gained mutation: You are dopey. (Int -2) [Xom's mischief]
 33300 | Swamp:4  | Lost mutation: You are highly strong-willed. (Will++)
                  | [Xom's mischief]
 33501 | Elf:1    | Entered Level 1 of the Elven Halls
 34171 | Elf:1    | XOM: potion effect (might)
 34356 | Elf:1    | XOM: smoke on damage
 34455 | Elf:1    | XOM: divination: detect items
 34467 | Elf:1    | XOM: potion effect (attraction)
 34469 | Elf:1    | Reached skill level 20 in Dodging
 34641 | Elf:1    | XOM: silly message
 34711 | Elf:1    | XOM: cloud trail
 35089 | Elf:1    | XOM is BORED!
 35089 | Elf:1    | XOM: silly message
 35558 | Elf:2    | XOM: potion effect (invisibility)
 35597 | Elf:2    | XOM: silly message
 35604 | Elf:2    | XOM: divination: magic mapping
 35685 | Elf:2    | Found a runed translucent gate.
 35685 | Elf:2    | Found a runed translucent gate.
 35685 | Elf:2    | Found a runed translucent gate.
 35767 | Elf:2    | XOM is BORED!
 35767 | Elf:2    | XOM: noise
 35859 | Elf:2    | XOM: cloud trail
 36012 | Elf:3    | Entered Level 3 of the Elven Halls
 36077 | Elf:3    | XOM: divination: detect creatures
 36212 | Elf:3    | Reached skill level 21 in Dodging
 36304 | Elf:3    | Identified the +5 orcbow "Fodattif" {drain, rCorr Str+3
                  | Stlth+}
 36457 | Elf:3    | Reached XP level 20. HP: 121/139 MP: 19/19
 36557 | Elf:3    | XOM: silly message
 36745 | Elf:3    | Identified the +1 long sword of Fedhas {venom, rC+ Dex+4}
 36760 | Elf:3    | Noticed a Tzitzimitl
 36760 | Elf:3    | XOM: potion effect (heal wounds)
 36773 | Elf:3    | XOM: summons 6 friendly demons
 36789 | Elf:3    | XOM: destruction
 36792 | Elf:3    | Reached skill level 22 in Dodging
 36799 | Elf:3    | XOM: cleaving
 36894 | Elf:2    | XOM is BORED!
 36981 | Elf:2    | XOM: give mutations
 36981 | Elf:2    | Lost mutation: Your muscles are strong. (Str +4, Int/Dex
                  | -1) [Xom's mischief]
 36981 | Elf:2    | Gained mutation: You are robust. (+10% HP) [Xom's mischief]
 37110 | Elf:2    | XOM: summons 5 hostile demons
 37938 | Elf:3    | Found the +10 tower shield of Ignorance {rN+ Int-4}
 37946 | Elf:3    | Identified the staff of Pasudwiu {^Fragile +Blink rPois rF+
                  | Fire Alchemy}
 38017 | Elf:3    | XOM: summons 3 hostile demons
 38139 | Elf:3    | XOM: draining
 38255 | Elf:3    | Found Beluefu's Magic Scroll Boutique.
 38260 | Elf:3    | Paralysed by an air elemental for 1 turns
 38301 | Elf:3    | Bought a scroll of summoning for 152 gold pieces
 38301 | Elf:3    | Bought a scroll of blinking for 120 gold pieces
 38301 | Elf:3    | Bought a scroll of blinking for 120 gold pieces
 38301 | Elf:3    | Bought a scroll of teleportation for 48 gold pieces
 38505 | Vaults:1 | Entered Level 1 of the Vaults
 38575 | Vaults:1 | XOM: 2-stop teleportation journey
 38711 | Vaults:1 | XOM: noise
 38821 | Vaults:1 | You are sucked into a shaft and drop 1 floor!
 38873 | Vaults:2 | XOM: confusion
 38890 | Vaults:2 | Identified the ring of Due Proportion {Wiz rC+ Will++
                  | Str+2}
 39099 | Vaults:1 | XOM: noise
 39400 | Vaults:1 | Reached skill level 23 in Dodging
 39459 | Vaults:1 | XOM: enchant monster (bad)
 39507 | Vaults:1 | XOM: enchant monster (bad)
 39581 | Vaults:1 | Reached XP level 21. HP: 161/161 MP: 19/19
 39812 | Vaults:1 | XOM: give mutation
 39812 | Vaults:1 | Lost mutation: You are completely covered in iridescent
                  | scales. (AC +6) [Xom's mischief]
 39878 | Vaults:2 | XOM: silly message
 39882 | Vaults:2 | Noticed Asterion
 39889 | Vaults:2 | Killed Asterion
 40171 | Vaults:2 | XOM: swap monsters
 40192 | Vaults:2 | XOM: 3-stop teleportation journey
 40383 | Vaults:2 | Found Amuwuibu's Antique Armour Shop.
 40824 | Vaults:2 | Reached skill level 1 in Shields
 41069 | Vaults:2 | Reached skill level 21 in Fighting
 41128 | Vaults:2 | XOM: give mutations
 41128 | Vaults:2 | Lost mutation: You are dopey. (Int -2) [Xom's mischief]
 41128 | Vaults:2 | Lost mutation: Your magical capacity is low. (-10% MP)
                  | [Xom's mischief]
 41128 | Vaults:2 | Gained mutation: You have hidden genetic defects. [Xom's
                  | mischief]
 41158 | Vaults:2 | Found Kewyuli's Distillery.
 41166 | Vaults:2 | Bought a potion of resistance for 180 gold pieces
 41166 | Vaults:2 | Bought 2 potions of mutation for 288 gold pieces
 41166 | Vaults:2 | Bought a potion of invisibility for 144 gold pieces
 41166 | Vaults:2 | Bought a potion of might for 72 gold pieces
 41166 | Vaults:2 | Bought a potion of haste for 180 gold pieces
 41169 | Vaults:2 | Identified the +7 bardiche of Conversion {drain, rF- rCorr
                  | Str+3}
 41205 | Vaults:2 | XOM: polymorph ironbound frostheart -> shapeshifter
 41206 | Vaults:2 | XOM: noise
 41209 | Vaults:2 | XOM: summons 5 friendly demons
 41226 | Vaults:2 | XOM: swap monsters
 41227 | Vaults:2 | Reached skill level 3 in Shields
 41271 | Vaults:2 | XOM: summons 8 hostile demons
 41321 | Vaults:2 | XOM: god gift: 2 stones {god gift}
 41365 | Vaults:2 | Found Icwauged's Antique Weapon Shoppe.
 41655 | Vaults:2 | XOM: give mutations
 41655 | Vaults:2 | Gained mutation: You expend magic power (3 MP) to
                  | strengthen your wands. [Xom's grace]
 41655 | Vaults:2 | Gained mutation: You are partially covered in large bone
                  | plates. (SH +4) [Xom's grace]
 41655 | Vaults:2 | Gained mutation: Your mind is acute. (Int +4, Str/Dex -1)
                  | [Xom's grace]
 41697 | Vaults:3 | Paralysed by a formless jellyfish for 1 turns
 41825 | Vaults:3 | XOM: cast spell 'Metabolic Englaciation'
 41876 | Vaults:3 | XOM: cast spell 'Leda's Liquefaction'
 41881 | Vaults:3 | XOM: noise
 41886 | Vaults:3 | Reached skill level 6 in Shields
 41909 | Vaults:3 | Gained mutation: You are occasionally teleported next to
                  | monsters. [hidden defects]
 42098 | Vaults:3 | Found Sigisas's Jewellery Shoppe.
 42524 | Vaults:3 | XOM: 6-stop teleportation journey
 42546 | Vaults:3 | Identified the +7 broad axe "Usaoh" {flame, Dex+2}
 42626 | Vaults:3 | XOM: silly message
 42628 | Vaults:3 | XOM: summons friendly ice devil
 42761 | Vaults:3 | XOM: potion effect (invisibility)
 42765 | Vaults:3 | Noticed Margery
 42790 | Vaults:2 | XOM: scenery: 1 doors close
 42839 | Vaults:3 | XOM: confuse monster(s)
 42847 | Vaults:3 | Killed Margery
 42857 | Vaults:3 | XOM: give mutations
 42857 | Vaults:3 | Lost mutation: You are partially covered in large bone
                  | plates. (SH +4) [Xom's mischief]
 42857 | Vaults:3 | Lost mutation: You are covered in fur. (AC +1) [Xom's
                  | mischief]
 42870 | Vaults:3 | XOM: divine lightning
 42946 | Vaults:3 | Found a staircase to the Crypt.
 43042 | Vaults:3 | Reached skill level 9 in Shields
 43278 | Vaults:4 | Lost mutation: Your mind is acute. (Int +4, Str/Dex -1)
                  | [hidden defects]
 43278 | Vaults:4 | Lost mutation: You have hidden genetic defects. [hidden
                  | defects expressed]
 43280 | Vaults:4 | Lost mutation: You are strong-willed. (Will+) [potion of
                  | mutation]
 43280 | Vaults:4 | Lost mutation: You expend magic power (3 MP) to strengthen
                  | your wands. [potion of mutation]
 43280 | Vaults:4 | Gained mutation: Your spells are a little easier to cast,
                  | but a little less powerful. [potion of mutation]
 43280 | Vaults:4 | Gained mutation: You have a somewhat thin skeletal
                  | structure. (Dex +2, Stealth+) [potion of mutation]
 43281 | Vaults:4 | Lost mutation: Your spells are a little easier to cast, but
                  | a little less powerful. [potion of mutation]
 43281 | Vaults:4 | Lost mutation: You are robust. (+10% HP) [potion of
                  | mutation]
 43281 | Vaults:4 | Gained mutation: You are agile. (Dex +4, Str/Int -1)
                  | [potion of mutation]
 43281 | Vaults:4 | Gained mutation: You have supernaturally acute eyesight.
                  | (SInv) [potion of mutation]
 43281 | Vaults:4 | Gained mutation: Your spells are a little harder to cast,
                  | but a little more powerful. [potion of mutation]
 43281 | Vaults:4 | Gained mutation: You are somewhat resistant to further
                  | mutation. [potion of mutation]
 43282 | Vaults:4 | Lost mutation: Your spells are a little harder to cast, but
                  | a little more powerful. [potion of mutation]
 43282 | Vaults:4 | Lost mutation: You are somewhat resistant to further
                  | mutation. [potion of mutation]
 43282 | Vaults:4 | Lost mutation: You are agile. (Dex +4, Str/Int -1) [potion
                  | of mutation]
 43282 | Vaults:4 | Gained mutation: You are vulnerable to cold. (rC-) [potion
                  | of mutation]
 43282 | Vaults:4 | Gained mutation: You are completely covered in iridescent
                  | scales. (AC +6) [potion of mutation]
 43283 | Vaults:4 | Lost mutation: You are vulnerable to cold. (rC-) [potion of
                  | mutation]
 43283 | Vaults:4 | Lost mutation: You have supernaturally acute eyesight.
                  | (SInv) [potion of mutation]
 43283 | Vaults:4 | Lost mutation: You are completely covered in iridescent
                  | scales. (AC +6) [potion of mutation]
 43283 | Vaults:4 | Gained mutation: You are agile. (Dex +4, Str/Int -1)
                  | [potion of mutation]
 43283 | Vaults:4 | Gained mutation: You possess an exceptional clarity of
                  | mind. [potion of mutation]
 43284 | Vaults:4 | Lost mutation: You have a somewhat thin skeletal structure.
                  | (Dex +2, Stealth+) [potion of mutation]
 43284 | Vaults:4 | Lost mutation: You are agile. (Dex +4, Str/Int -1) [potion
                  | of mutation]
 43284 | Vaults:4 | Gained mutation: Potions are less effective at restoring
                  | your health. [potion of mutation]
 43284 | Vaults:4 | Gained mutation: You occasionally lose the ability to read
                  | scrolls when taking damage. [potion of mutation]
 43284 | Vaults:4 | Gained mutation: Your body sometimes deteriorates upon
                  | taking damage. [potion of mutation]
 43284 | Vaults:4 | Gained mutation: You are robust. (+10% HP) [potion of
                  | mutation]
 43285 | Vaults:4 | Lost mutation: You are occasionally teleported next to
                  | monsters. [potion of mutation]
 43285 | Vaults:4 | Lost mutation: Potions are less effective at restoring your
                  | health. [potion of mutation]
 43285 | Vaults:4 | Lost mutation: You are mostly covered in iridescent scales.
                  | (AC +4) [potion of mutation]
 43285 | Vaults:4 | Gained mutation: You do not regenerate when monsters are
                  | visible. [potion of mutation]
 43285 | Vaults:4 | Lost mutation: You are partially covered in iridescent
                  | scales. (AC +2) [potion of mutation]
 43285 | Vaults:4 | Gained mutation: You are strong-willed. (Will+) [potion of
                  | mutation]
 43285 | Vaults:4 | Gained mutation: Your muscles are strong. (Str +4, Int/Dex
                  | -1) [potion of mutation]
 43363 | Vaults:4 | XOM: give mutations
 43363 | Vaults:4 | Gained mutation: You are clumsy. (Dex -2) [Xom's mischief]
 43363 | Vaults:4 | Lost mutation: You are strong-willed. (Will+) [Xom's
                  | mischief]
 43363 | Vaults:4 | Lost mutation: You are robust. (+10% HP) [Xom's mischief]
 43363 | Vaults:4 | Lost mutation: You occasionally lose the ability to read
                  | scrolls when taking damage. [Xom's mischief]
 43592 | Vaults:4 | XOM: enchant monster (bad)
 43840 | Vaults:4 | XOM: cast spell 'Summon Mana Viper'
 43885 | Vaults:4 | XOM: blink monster(s)
 43889 | Vaults:4 | XOM: noise
 43892 | Vaults:4 | XOM: cast spell 'Dispersal'
 43893 | Vaults:4 | XOM: enchant monster (good)
 43958 | Vaults:4 | XOM: 1-stop teleportation journey
 43965 | Vaults:4 | XOM: destruction
 44318 | Vaults:4 | XOM: confuse monster(s)
 44518 | Vaults:4 | Reached XP level 22. HP: 130/155 MP: 23/23
 44526 | Vaults:4 | XOM: cloud trail
 44975 | Vaults:1 | XOM: divination: detect items
 45018 | Vaults:1 | XOM: divination: detect items
 45112 | Depths:1 | Entered Level 1 of the Depths
 45214 | Depths:1 | Found a gateway to Hell.
 45224 | Hell     | Entered the Vestibule of Hell
 45224 | Hell     | Noticed Geryon
 45340 | Depths:1 | Found a runed translucent gate.
 45340 | Depths:1 | Found an ancient bone altar of Kikubaaqudgha.
 45340 | Depths:1 | Noticed a dread lich
 45341 | Depths:1 | Found a runed translucent gate.
 45341 | Depths:1 | Noticed Ubraesch's ghost (adept TrMo)
 45342 | Depths:1 | Found a runed translucent gate.
 45342 | Depths:1 | Noticed Peitt's ghost (veteran BaIE)
 45369 | Depths:1 | Reached skill level 12 in Shields
 45393 | Depths:1 | XOM: summons 12 hostile demons
 45416 | Depths:1 | XOM: summons 6 hostile demons
 45426 | Depths:1 | HP: 7/155 [deep troll earth mage/blast of rock fragments
                  | (30)]
 45445 | Depths:1 | Killed from afar by a deep troll earth mage

Illustrated notes

Levels and vault maps discovered:
D:1:      evilmike_arrival_crescent, layout_loops_corners, serial_shops, shop,
          dreamdust_ecumenical_altar_angels_and_demons, st_stairs_4,
          chequers_serial_rivers_micro_c
D:2:      layout_basic, basic_altar
D:3:      minmay_wonky_spiral, layout_basic, uniq_ijyb, uniq_jessica
D:4:      layout_rooms
D:5:      layout_cave_pods, chequers_jeans, moated_statue
D:6:      layout_gridville, minmay_temple_entry_hall, gammafunk_ghost_stat_death
D:7:      layout_loops_cross, columned_hall_lemuel, david_defended_altar_orc,
          uniq_pikel, uniq_menkaure
D:8:      layout_basic, mainiacjoe_overflow_catwalk, supply_closet_lemuel,
          minmay_fractal_squares_gapless_5
D:9:      layout_roguey, grunt_temple_overflow_open, serial_shops, shop,
          kennysheep_nondescript, chequers_serial_rivers_micro_b
D:10:     layout_irregular_city, grunt_temple_overflow_forces_of_nature,
          uniq_harold
D:11:     layout_loops_ring, dpeg_oklobed_lair, orc_0_dummy,
          grunt_dithmenos_smoke, uniq_psyche
D:12:     layout_big_octagon, portal_ice_cave_entry_imps
D:13:     layout_loops_ring, skrybe_vaults_entry_preservation, uniq_frances,
          uniq_rupert, uniq_kirke
D:14:     layout_cave_pools, gauntlet_entry_generic, chequers_big_river
D:15:     gammafunk_depths_entry_grave, layout_stronghold, serial_shops,
          nicolae_shop_tiny_glass, nicolae_shop_peninsula, shop,
          nicolae_shop_bloodbath_and_beyond, shop, minmay_misc_feat_pillars,
          trog_three_pillars_becter, uniq_nessos
Lair:1:   layout_small_grid, grunt_megastairs_4
Lair:2:   layout_big_grid, minmay_swamp_entry_reptiles,
          spider_nest_entry_funnel_web, nicolae_lair_lil_pond,
          nicolae_lair_lakeside_cave, uniq_sonja, uniq_gastronok
Lair:3:   layout_small_grid, nicolae_lair_lindhole, serial_bayou_shore_b,
          uniq_prince_ribbit2
Lair:4:   layout_roguey, minmay_slime_entry_pillars, beast_lair_carwin_5
Lair:5:   wormcave, layout_cave_shapes, guppyfry_lair_end_dragon,
          nicolae_volcano_entry_hallway, grunt_megastairs_3
Swamp:1:  layout_basic_swamp, evilmike_swamp_ruin_rubble_1, swamp_pool_1_2,
          infiniplex_staircase_pool, uniq_louise, uniq_aizul
Swamp:2:  layout_basic_swamp, evilmike_swamp_ruin_house_4, nicolae_swamp_oxbows,
          swamp_pool_1_2, grunt_hermit_hut
Swamp:3:  layout_falls_marsh, nicolae_swamp_triple_paths
Swamp:4:  swamp_old_school, layout_basic_swamp, uniq_bai_suzhen
Spider:1: layout_spider_delve
Spider:2: layout_spider_delve, ebering_ghost_xom, drop_trap,
          nicolae_spider_swamp_cousins, uniq_mlioglotl, uniq_arachne
Spider:3: layout_cave_pods, drop_trap
Spider:4: grunt_spider_rune_circles, drop_trap
Orc:1:    layout_diamond_mine, gammafunk_ghost_arena, uniq_maurice
Orc:2:    pf_orc_diabolical, layout_caves, basic_altar,
          hellmonk_ghost_happy_afterlife
Elf:1:    minmay_elf_arrival_plus, layout_loops_cross, serial_co_window_serial,
          co_window_corner_a, co_window_of_opportunity_a, co_window_paths_b,
          co_window_paths_b, co_window_of_opportunity_a, co_window_corner_cb,
          co_window_corner_b, co_window_corner_cb, co_window_broadway_a,
          co_window_cross_4, co_window_broadway_b, co_window_of_opportunity_b,
          co_window_4corner_b, minivault_28
Elf:2:    nicolae_elf_blades_splatter_lattice [grunt_blade_entry_basic],
          layout_geoelf_diagonals
Elf:3:    elf_hall, layout_geoelf_diagonals, serial_shops, shop, st_stairs_1
Vaults:1: nicolae_vaults_offset_grid_hallway_2,
          nicolae_vaults_security_offices_5, ontoclasm_vaults_ring_large,
          hangedman_vaults_trim, nicolae_vaults_diamond_2,
          nicolae_vaults_wrenched, vaults_dpeg_spiral,
          vaults_mumra_chevron_long, nicolae_vaults_surprise_closet,
          vaults_dpeg_ring, grunt_vaults_focal, ontoclasm_vaults_eye,
          nicolae_vaults_wine_cellar, nicolae_vaults_six-pack,
          layout_vaults_omnibox
Vaults:2: nicolae_vaults_circle_grid_b, nicolae_vaults_security_offices_3,
          nicolae_vaults_twisting_passages, ontoclasm_vaults_ring_square,
          nicolae_vaults_sesquioval_fish, nicolae_vaults_little_squares_4,
          nicolae_vaults_closet_pinwheel_5, v_misc_30,
          hangedman_vaults_restitches, nicolae_vaults_cochlea, v_misc_24,
          vaults_room_grunt_arrival_ludios, ontoclasm_vaults_fault,
          layout_vaults_omnicross, serial_shops, nicolae_shop_advertising_works
          [nicolae_subvault_shop_adworks], shop, shop, uniq_asterion
Vaults:3: nicolae_vaults_six-pack, v_misc_14, nicolae_vaults_closet_pinwheel_1,
          hangedman_vaults_pinch, minmay_crypt_entry_simple_plaza,
          grunt_vaults_diagonal, hangedman_vaults_hat,
          nicolae_vaults_double_plus_1, vaults_mumra_hexcomb,
          layout_vaults_big_room, serial_shops, nicolae_shop_waterfront,
          uniq_margery
Vaults:4: portal_desolation_entry_garden, v_misc_3,
          nicolae_vaults_closet_pinwheel_6, v_rooms_2, hangedman_vaults_stream,
          nicolae_vaults_diamond_1, hangedman_vaults_nails,
          nicolae_vaults_rhombus_6, v_rooms_4, nicolae_vaults_little_squares_4,
          nicolae_vaults_tetromino_Z_2, nicolae_vaults_tetromino_T_2,
          ontoclasm_vaults_shuriken, nicolae_vaults_enemy_cabinets,
          nicolae_vaults_house_1, layout_vaults_omnigrid
Depths:1: layout_gridlike, enter_ziggurat_c, pf_coc_iceberg, led_sif_pool,
          gammafunk_ghost_crypt, hangedman_abyss_entry_splay,
          nicolae_water_bricks, hellmonk_scarab_ruin
Hell

Skill      XL: |  1  2  3  4  5  6  7  8  9 10 11 12 13 14 15 16 17 18 19 20 21 22 |
---------------+-------------------------------------------------------------------+-----
Ranged Weapons | 5 6 7 9 10 12 14 15 16 18 20 | 20.0
Fighting       | 3 4 5 6 8 9 10 12 14 16 18 19 20 21 | 21.0
Armour         | 3 5 7 8 |  8.0
Stealth        | 3 5 7 |  7.0
Dodging        | 4 5 7 8 10 12 15 18 21 23 | 23.0
Evocations     | 5 8 10 12 | 12.0
Shields        | 11 12 | 12.0

Action                     |  1- 3 |  4- 6 |  7- 9 | 10-12 | 13-15 | 16-18 | 19-21 | 22-24 || total
---------------------------+-------+-------+-------+-------+-------+-------+-------+-------++-------
  Melee: Longbow           |       |       |       |       |       |     1 |     1 |       ||     2
         Kick              |       |       |       |       |       |       |     1 |       ||     1
         Peck              |       |       |       |       |       |       |     1 |       ||     1
   Fire: Shortbow          |    84 |   186 |   232 |    40 |       |       |       |       ||   542
         Longbow           |       |       |       |   283 |   809 |   863 |   707 |       ||  2662
         Hand cannon       |       |       |       |       |       |       |   546 |    82 ||   628
  Evoke: Wand              |       |       |       |       |     1 |     1 |     2 |     1 ||     5
         Condenser vane    |       |       |       |       |       |     1 |     2 |       ||     3
         Phial of floods   |       |       |       |       |       |       |     2 |       ||     2
    Use: Scroll            |       |    11 |    10 |     8 |     8 |    12 |    16 |     2 ||    67
         Potion            |       |       |     6 |     1 |     3 |     6 |    14 |     2 ||    32
 Armour: Leather armour    |     9 |    40 |    33 |    48 |    96 |       |   152 |    17 ||   395
         Scale mail        |       |       |       |       |     7 |       |       |       ||     7
         Troll leather arm |       |       |       |       |    28 |   124 |    35 |       ||   187
  Dodge: Dodged            |    24 |    94 |    51 |   133 |   345 |   429 |   830 |    73 ||  1979
  Block: Kite shield       |       |       |       |       |       |       |   398 |    67 ||   465
